 Dungeon Crawl Stone Soup version 0.28-a0-245-g639a1a48b9 (webtiles) character file.

Game seed: 2715085346450895875

35063 Colgate the Severer (level 13, 0/123 HPs)
             Began as a Hill Orc Berserker on Aug 25, 2021.
             Was an Elder of Trog.
             Splashed with acid (27 damage)
             ... on level 5 of the Lair of Beasts.
             The game lasted 00:29:58 (16447 turns).

Colgate the Severer (Hill Orc Berserker)           Turns: 16447, Time: 00:29:59

Health: 0/123      AC: 25    Str: 25    XL:     13   Next: 81%
Magic:  13/13      EV: 12    Int:  7    God:    Trog [****..]
Gold:   957        SH:  0    Dex: 10    Spells: 12/12 levels left

rFire   . . .      SeeInvis .   m - +2 battleaxe (freeze)
rCold   . . .      Faith    .   (shield currently unavailable)
rNeg    . . .      Spirit   .   l - +0 plate armour
rPois   +          Reflect  .   e - +2 helmet
rElec   .          Harm     .   i - +0 cloak
rCorr   .          Rampage  .   c - +2 pair of gloves
Will    .....                   q - +0 pair of boots
Stlth   ..........              (no amulet)
HPRegen 0.30/turn               d - ring of poison resistance
MPRegen 0.13/turn               k - +4 ring of evasion

@: on berserk cooldown, slowed, very slow
A: no striking features
a: Renounce Religion, Berserk, Trog's Hand, Brothers in Arms


You were on level 5 of the Lair of Beasts.
You worshipped Trog.
Trog was greatly pleased with you.
You visited 2 branches of the dungeon, and saw 15 of its levels.
You also visited: Sewer.

You collected 957 gold pieces.


   Skills:
 + Level 13.8 Fighting
 - Level 20.1 Axes
 - Level 12.0 Armour
 - Level 3.0 Dodging


You had 12 spell levels left.
You didn't know any spells.
Your spell library was empty.

Inventory:

Hand Weapons
 m - a +2 battleaxe of freezing (weapon)
 n - a +0 morningstar
Armour
 c - a +2 pair of gloves (worn)
 e - a +2 helmet (worn)
 i - a +0 cloak (worn)
 l - a +0 plate armour (worn)
 q - a +0 pair of boots (worn)
Jewellery
 d - a ring of poison resistance (left hand)
 f - a ring of protection from fire
 k - a +4 ring of evasion (right hand)
 s - a ring of fire
 t - a ring of poison resistance
 v - an amulet of faith
 Y - a +6 ring of strength
Wands
 j - a wand of charming (12)
Scrolls
 a - 5 scrolls of identify
 g - 9 scrolls of teleportation
Potions
 b - 4 potions of mutation
 h - 3 potions of haste
 o - 5 potions of heal wounds
 p - 4 potions of curing
 r - a potion of resistance
 u - a potion of might

Dungeon Overview and Level Annotations

Branches:
Dungeon (10/15)            Temple (0/1) D:4            Lair (5/6) D:10
 Shoals (0/4) Lair:4        Snake (0/4) Lair:3        Slime (0/5) Lair:5
  Sewer (visited)
    Orc: D:9-12

Altars:
Hepliaklqana
Xom
Jiyva

Annotations:
D:10 1 runed translucent door, fly's ghost, journeyman GrEE
Lair:2 3 runed translucent doors, FIQ's ghost, journeyman DsFi


Message History

Press < or > to pray at altars.
Press < or > to pray at altars.
You hit the elephant. You freeze the elephant.
The elephant is almost dead.
The elephant closely misses you.
The elephant trunk-slaps you but does no damage.
Press < or > to pray at altars.
Press < or > to pray at altars.
Press < or > to pray at altars.
Press < or > to pray at altars.
You slash the elephant! You freeze the elephant.
The elephant is almost dead.
The elephant misses you. The elephant completely misses you.
Press < or > to pray at altars.
Press < or > to pray at altars.
Press < or > to pray at altars.
Press < or > to pray at altars.
You slice the elephant!! You freeze the elephant.
You kill the elephant!
Trog accepts your kill.
Press < or > to pray at altars.
Press < or > to pray at altars.
Press < or > to pray at altars.
Press < or > to pray at altars.
Press < or > to pray at altars.
Press < or > to pray at altars.
Press < or > to pray at altars.
Press < or > to pray at altars.
Press < or > to pray at altars.
Press < or > to pray at altars.
Press < or > to pray at altars.
Press < or > to pray at altars.
Press < or > to pray at altars.
A wyvern comes into view.
Press < or > to pray at altars.
Press < or > to pray at altars.
Press < or > to pray at altars.
You are splashed with acid!
Something bites the plant!
The plant begins to die.
You are splashed with acid!!
You die...

... #~~....##
....~####~.....#
....~#~~#~.....##
.P..~~~%~~...%..#
.P.............##
....P.......#..# ......
####...!.......## #....#
######........P..# ####....#
#@..##............ ........#
#.>.##............ ........#
#_..##............
........###%####.%..........
....P....##'###.....#.##....
...................#####^...
.>........%....#...# #...7
.............##....# ##..7
..........lP####...# #..7


There were no monsters in sight!

Vanquished Creatures
  Gastronok (Lair:3)
  Harold (D:10)
  Fannar (Lair:2)
  A hydra (Lair:4)
  Nergalle (Lair:1)
  An ugly thing (D:8)
  An oklob plant (Lair:4)
  3 merfolk sirens (Lair:4)
  12 elephants
  3 black mambas
  Maggie (D:10)
  2 rime drakes (Lair:2)
  A torpor snail (Lair:4)
  4 komodo dragons
  6 cane toads
  A kobold demonologist (D:10)
  3 trolls
  A merfolk (Lair:4)
  A queen bee (Lair:2)
  A hornet (D:8)
  3 polar bears
  14 blink frogs
  A shadow (D:9)
  A wyvern (Lair:3)
  26 yaks
  Grum (D:10)
  3 basilisks
  2 steam dragons
  2 nagas (Lair:3)
  2 acid dragons
  5 water moccasins
  An ice beast (D:7)
  2 sky beasts (D:8)
  2 orc warriors (D:8)
  A necrophage (D:5)
  A black bear (D:6)
  2 ogres
  15 wolves
  5 centaurs
  3 kobold brigands
  A gnoll sergeant (D:6)
  6 bullfrogs
  3 scorpions (D:4)
  29 killer bees
  5 wights (D:8)
  An electric eel (Lair:2)
  2 centaur zombies
  2 orc priests (D:8)
  3 hounds
  2 centaur skeletons
  2 iguanas
  Natasha (D:4)
  9 orc wizards
  2 hell rats (Lair:1)
  3 howler monkey zombies
  3 gnolls (D:6)
  A howler monkey skeleton (D:3)
  9 adders
  7 river rats (Lair:1)
  2 shadow imps
  A white imp (D:8)
  A worm (D:2)
  29 orcs
  11 ball pythons
  10 bats
  4 endoplasms
  6 giant cockroaches
  7 goblins
  4 hobgoblins
  4 jackals (D:1)
  5 quokkas
  5 frilled lizards
  21 kobolds
  8 rats
347 creatures vanquished.

Vanquished Creatures (collateral kills)
  3 hydras
  2 oklob plants (Lair:2)
  A black mamba (Lair:3)
  A komodo dragon (Lair:5)
  5 blink frogs
  9 yaks (Lair:3)
  A basilisk (Lair:3)
  An electric eel (Lair:5)
23 creatures vanquished.

Vanquished Creatures (others)
  An elephant (Lair:5)
  2 bushes (Lair:3)
  12 fungi
  43 plants
  2 withered plants (D:10)
60 creatures vanquished.

Grand Total: 430 creatures vanquished

Notes
Turn   | Place    | Note
-------+----------+-------------------------------------------
     0 | D:1      | Colgate the Hill Orc Berserker began the quest for the Orb.
     0 | D:1      | Reached XP level 1. HP: 19/19 MP: 1/1
     0 | D:1      | 0 ||| counter = 83
    27 | D:1      | 27 ||| INVOKING Berserk.
   199 | D:1      | 199 ||| INVOKING Berserk.
   201 | D:1      | Reached XP level 2. HP: 13/26 MP: 2/2
   458 | D:1      | Reached skill level 5 in Axes
   568 | D:1      | 568 ||| INVOKING Berserk.
   569 | D:1      | 569 ||| INVOKING Berserk.
  1015 | D:1      | Found a faded altar of an unknown god.
  1196 | D:1      | Reached XP level 3. HP: 31/31 MP: 3/3
  1503 | D:1      | 1503 ||| UPGRADING to +0 leather armour.
  1513 | D:1      | 1513 ||| DROPPING +0 animal skin.
  1514 | D:1      | 1514 ||| UPGRADING to +0 scale mail.
  1524 | D:1      | 1524 ||| DROPPING +0 leather armour.
  1525 | D:1      | 1525 ||| UPGRADING to +0 cloak.
  1530 | D:1      | 1530 ||| READING 2 scrolls labelled YZAWOWURIAK.
  1531 | D:1      | 1531 ||| READING scroll labelled PAEBET BONT.
  1532 | D:1      | 1532 ||| DRINKING 2 lumpy coppery potions.
  1666 | D:2      | Reached ** piety under Trog
  1761 | D:2      | 1761 ||| INVOKING Berserk.
  1831 | D:2      | Reached skill level 6 in Axes
  2175 | D:2      | Reached XP level 4. HP: 39/39 MP: 4/4
  2382 | D:2      | 2382 ||| UPGRADING to +0 plate armour.
  2392 | D:2      | 2392 ||| DROPPING +0 scale mail.
  2393 | D:2      | 2393 ||| UPGRADING to +6 ring of strength.
  2394 | D:2      | 2394 ||| READING scroll labelled HIDOSA YGRU VIFF.
  2395 | D:2      | 2395 ||| DRINKING 2 fizzy yellow potions.
  2445 | D:2      | 2445 ||| READING 3 scrolls of identify.
  2445 | D:2      | 2445 ||| IDENTIFYING glowing grey potion
  2446 | D:2      | 2446 ||| READING 2 scrolls of identify.
  2446 | D:2      | 2446 ||| IDENTIFYING glowing dark potion
  2447 | D:2      | 2447 ||| DROPPING potion of flight.
  2448 | D:2      | 2448 ||| DROPPING potion of lignification.
  2719 | D:3      | 2719 ||| Stepping ~*~*~tactically~*~*~ (water).
  2723 | D:3      | 2723 ||| Stepping ~*~*~tactically~*~*~ (water).
  2729 | D:3      | 2729 ||| Stepping ~*~*~tactically~*~*~ (water).
  2729 | D:3      | Found a glowing drain.
  2730 | D:3      | 2730 ||| Found Sewer.
  2783 | D:3      | 2783 ||| Stepping ~*~*~tactically~*~*~ (water).
  2791 | Sewer    | Entered a sewer
  2792 | Sewer    | 2792 ||| Entered Sewer.
  2976 | Sewer    | Reached skill level 7 in Axes
  2994 | Sewer    | Reached *** piety under Trog
  3091 | Sewer    | Noticed a kobold brigand
  3091 | Sewer    | Noticed a kobold brigand
  3098 | Sewer    | Killed a kobold brigand
  3099 | Sewer    | Reached skill level 8 in Axes
  3099 | Sewer    | Reached XP level 5. HP: 35/45 MP: 5/5
  3100 | Sewer    | Killed a kobold brigand
  3101 | Sewer    | Reached XP level 6. HP: 36/51 MP: 6/6
  3208 | Sewer    | 3208 ||| UPGRADING to +0 helmet.
  3213 | Sewer    | 3213 ||| READING scroll labelled QIDDAS VOLISE.
  3214 | Sewer    | 3214 ||| READING 2 scrolls labelled LEQ BECROBO.
  3219 | Sewer    | 3219 ||| READING scroll labelled USYSTIYTORE.
  3220 | Sewer    | 3220 ||| DRINKING 2 pink potions.
  3221 | Sewer    | 3221 ||| DRINKING 3 glowing coppery potions.
  3222 | Sewer    | 3222 ||| DRINKING 2 purple potions.
  3223 | Sewer    | 3223 ||| DRINKING 3 metallic white potions.
  3224 | Sewer    | 3224 ||| READING 2 scrolls of identify.
  3224 | Sewer    | 3224 ||| IDENTIFYING red potion
  3225 | Sewer    | 3225 ||| DROPPING 2 potions of brilliance.
  3226 | Sewer    | 3226 ||| DROPPING potion of invisibility.
  3227 | Sewer    | 3227 ||| DROPPING potion of magic.
  3288 | D:3      | 3288 ||| SWAPPING to +0 war axe.
  3289 | D:3      | 3289 ||| DROPPING +0 hand axe of venom.
  3565 | D:3      | Reached skill level 9 in Axes
  3576 | D:3      | Found a hazy altar of Hepliaklqana.
  3665 | D:3      | 3665 ||| READING scroll labelled HIMMENL VEOT.
  3710 | D:4      | 3710 ||| INVOKING Berserk.
  3779 | D:4      | 3779 ||| INVOKING Berserk.
  3782 | D:4      | HP: 18/79 [poisoned by a scorpion]
  3784 | D:4      | Reached skill level 3 in Armour
  3786 | D:4      | HP: 8/79 [poisoned by a scorpion]
  3787 | D:4      | HP: 3/53 [poisoned by a scorpion]
  3788 | D:4      | 3788 ||| DRINKING 2 potions of curing.
  3788 | D:4      | 3788 ||| (to cure poison)
  4026 | D:4      | 4026 ||| DROPPING +0 whip.
  4070 | D:4      | Reached XP level 7. HP: 47/60 MP: 7/7
  4327 | D:4      | Noticed Natasha
  4340 | D:4      | Killed Natasha
  4405 | D:4      | 4405 ||| DROPPING +0 flail.
  4409 | D:4      | Found a staircase to the Ecumenical Temple.
  4596 | D:4      | 4596 ||| DRINKING potion of curing.
  4596 | D:4      | 4596 ||| (to cure confusion)
  4632 | D:4      | 4632 ||| STAIRDANCE
  4677 | D:3      | 4677 ||| UPGRADING to +0 pair of gloves.
  4682 | D:3      | 4682 ||| READING scroll labelled MUAZAERAOF.
  4711 | D:4      | Reached skill level 10 in Axes
  4855 | D:4      | Reached **** piety under Trog
  4972 | D:4      | 4972 ||| UPGRADING to +2 helmet.
  4982 | D:4      | 4982 ||| DROPPING +0 helmet.
  5010 | D:5      | Entered Level 5 of the Dungeon
  5177 | D:5      | Reached XP level 8. HP: 66/68 MP: 8/8
  5192 | D:5      | 5192 ||| INVOKING Berserk.
  5287 | D:5      | Reached skill level 11 in Axes
  5308 | D:5      | 5308 ||| STAIRDANCE
  5310 | D:4      | 5310 ||| UPGRADING to ring of protection from fire.
  5311 | D:4      | 5311 ||| READING scroll labelled ZEYSIN DE RARGH.
  5312 | D:4      | 5312 ||| READING scroll labelled BIOVAOZARPHI.
  5317 | D:5      | 5317 ||| STAIRDANCE
  5697 | D:5      | 5697 ||| READING scroll labelled ROTOMU YSATOULL.
  5698 | D:5      | 5698 ||| READING scroll labelled RAL TEXZOJUDDA.
  5699 | D:5      | 5699 ||| READING 2 scrolls of identify.
  5699 | D:5      | 5699 ||| IDENTIFYING puce potion
  5700 | D:5      | 5700 ||| DROPPING potion of attraction.
  5864 | D:6      | Reached skill level 6 in Fighting
  5865 | D:6      | 5865 ||| INVOKING Berserk.
  6170 | D:6      | Reached skill level 12 in Axes
  6264 | D:6      | 6264 ||| INVOKING Berserk.
  6703 | D:6      | 6703 ||| UPGRADING to +4 ring of evasion.
  6705 | D:6      | 6705 ||| UPGRADING to +6 ring of strength.
  6707 | D:6      | 6707 ||| READING scroll labelled VIOVA QUTIU.
  6867 | D:6      | 6867 ||| READING 2 scrolls of identify.
  6867 | D:6      | 6867 ||| IDENTIFYING glowing brown potion
  6868 | D:6      | 6868 ||| DROPPING potion of berserk rage.
  6933 | D:7      | 6933 ||| DROPPING +1 flail of holy wrath.
  6950 | D:7      | Reached XP level 9. HP: 75/78 MP: 9/9
  7324 | D:7      | 7324 ||| DROPPING ring of resist corrosion.
  7396 | D:8      | Reached skill level 13 in Axes
  7437 | D:8      | Found a flagged portal.
  7603 | D:8      | 7603 ||| INVOKING Berserk.
  7608 | D:8      | Reached skill level 6 in Armour
  7683 | D:8      | 7683 ||| INVOKING Berserk.
  7860 | D:8      | Noticed a komodo dragon
  7862 | D:8      | 7862 ||| INVOKING Berserk.
  7868 | D:8      | Killed a komodo dragon
  7876 | D:8      | Reached skill level 14 in Axes
  7907 | D:8      | 7907 ||| INVOKING Berserk.
  8074 | D:8      | 8074 ||| DROPPING +2 flail of protection.
  8108 | D:8      | Reached XP level 10. HP: 88/88 MP: 10/10
  8139 | D:8      | Reached ***** piety under Trog
  8166 | D:8      | Noticed a purple ugly thing
  8256 | D:8      | Killed a purple ugly thing
  8257 | D:8      | 8257 ||| STAIRDANCE
  8501 | D:8      | Reached skill level 15 in Axes
  8729 | D:8      | 8729 ||| SWAPPING to +1 battleaxe of freezing.
  8730 | D:8      | 8730 ||| DROPPING +1 war axe.
  8747 | D:8      | Reached skill level 9 in Fighting
  8847 | D:8      | 8847 ||| INVOKING Berserk.
  9260 | D:9      | 9260 ||| INVOKING Berserk.
  9315 | D:9      | 9315 ||| READING scroll of enchant armour.
  9315 | D:9      | 9315 ||| ENCHANTING +0 pair of gloves.
  9504 | D:9      | 9504 ||| INVOKING Berserk.
  9649 | D:9      | 9649 ||| Stepping ~*~*~tactically~*~*~ (cloud).
  9703 | D:9      | 9703 ||| UPGRADING to +0 pair of boots.
  9717 | D:10     | Entered Level 10 of the Dungeon
  9717 | D:10     | Noticed Harold
  9725 | D:10     | 9725 ||| INVOKING Berserk.
  9735 | D:10     | Killed Harold
  9736 | D:10     | Reached skill level 16 in Axes
  9772 | D:10     | Noticed a kobold demonologist
  9779 | D:10     | Killed a kobold demonologist
  9816 | D:10     | Reached XP level 11. HP: 91/97 MP: 11/11
  9884 | D:10     | Found a staircase to the Lair.
  9890 | D:10     | Found a runed translucent door.
  9891 | D:10     | Noticed fly's ghost (journeyman GrEE)
 10156 | D:10     | Reached skill level 17 in Axes
 10161 | D:10     | Noticed Grum
 10166 | D:10     | Noticed Maggie
 10167 | D:10     | 10167 ||| INVOKING Berserk.
 10173 | D:10     | Killed Grum
 10177 | D:10     | Killed Maggie
 10252 | D:10     | 10252 ||| INVOKING Berserk.
 10464 | D:10     | 10464 ||| READING scroll labelled PERGHO HOSIOXTI.
 10465 | D:10     | 10465 ||| READING 3 scrolls of identify.
 10465 | D:10     | 10465 ||| IDENTIFYING coppery potion
 10466 | D:10     | 10466 ||| READING 2 scrolls of identify.
 10466 | D:10     | 10466 ||| IDENTIFYING sedimented inky potion
 10471 | Lair:1   | Entered Level 1 of the Lair of Beasts
 10472 | Lair:1   | 10472 ||| Entered L.
 10659 | Lair:1   | 10659 ||| READING scroll of enchant armour.
 10659 | Lair:1   | 10659 ||| ENCHANTING +1 pair of gloves.
 10794 | Lair:1   | 10794 ||| INVOKING Berserk.
 10854 | Lair:1   | Noticed Nergalle
 10857 | Lair:1   | 10857 ||| INVOKING Berserk.
 10861 | Lair:1   | Killed Nergalle
 10862 | Lair:1   | Reached skill level 9 in Armour
 11290 | Lair:1   | 11290 ||| UPGRADING to ring of poison resistance.
 11292 | Lair:1   | 11292 ||| UPGRADING to +4 ring of evasion.
 11568 | Lair:2   | Reached skill level 18 in Axes
 11568 | Lair:2   | 11568 ||| INVOKING Berserk.
 11570 | Lair:2   | Reached XP level 12. HP: 106/106 MP: 12/12
 11570 | Lair:2   | Received a gift from Trog
 11675 | Lair:2   | 11675 ||| DROPPING +0 vorpal broad axe.
 11749 | Lair:2   | Found a shimmering altar of Xom.
 11795 | Lair:2   | 11795 ||| Stepping ~*~*~tactically~*~*~ (water).
 11797 | Lair:2   | 11797 ||| Stepping ~*~*~tactically~*~*~ (water).
 12111 | Lair:2   | Reached skill level 19 in Axes
 12249 | Lair:2   | Noticed Fannar
 12273 | Lair:2   | Killed Fannar
 12457 | Lair:2   | 12457 ||| INVOKING Brothers in Arms.
 12458 | Lair:2   | 12458 ||| INVOKING Berserk.
 12477 | Lair:2   | HP: 18/108 [komodo dragon (11)]
 12478 | Lair:2   | 12478 ||| DRINKING 3 potions of heal wounds.
 12732 | Lair:2   | 12732 ||| INVOKING Brothers in Arms.
 12735 | Lair:2   | 12735 ||| INVOKING Berserk.
 12776 | Lair:2   | 12776 ||| READING scroll of enchant weapon.
 12776 | Lair:2   | 12776 ||| ENCHANTING +1 battleaxe of freezing.
 12793 | Lair:2   | Found a runed translucent gate.
 12793 | Lair:2   | Found a runed translucent gate.
 12794 | Lair:2   | Found a runed translucent gate.
 12796 | Lair:2   | Noticed FIQ's ghost (journeyman DsFi)
 13227 | Lair:3   | 13227 ||| STAIRDANCE
 13227 | Lair:3   | Found a staircase to the Snake Pit.
 13228 | Lair:3   | 13228 ||| INVOKING Berserk.
 13246 | Lair:3   | 13246 ||| INVOKING Brothers in Arms.
 13285 | Lair:3   | 13285 ||| STAIRDANCE
 13538 | Lair:3   | Noticed Gastronok
 13552 | Lair:3   | Killed Gastronok
 13553 | Lair:3   | Reached skill level 20 in Axes
 13581 | Lair:3   | Noticed a seven-headed hydra
 13607 | Lair:3   | 13607 ||| STAIRDANCE
 13781 | Lair:3   | 13781 ||| INVOKING Brothers in Arms.
 13782 | Lair:3   | 13782 ||| SWAPPING to +0 morningstar.
 13783 | Lair:3   | 13783 ||| INVOKING Berserk.
 13785 | Lair:3   | Killed a seven-headed hydra
 13790 | Lair:3   | 13790 ||| SWAPPING to +2 battleaxe of freezing.
 13810 | Lair:3   | 13810 ||| STAIRDANCE
 14090 | Lair:3   | Reached XP level 13. HP: 104/117 MP: 13/13
 14298 | Lair:3   | Reached skill level 12 in Fighting
 14856 | Lair:4   | Found a staircase to the Shoals.
 14864 | Lair:4   | 14864 ||| INVOKING Brothers in Arms.
 14869 | Lair:4   | 14869 ||| INVOKING Berserk.
 14872 | Lair:4   | Reached skill level 3 in Dodging
 15178 | Lair:4   | 15178 ||| STAIRDANCE
 15434 | Lair:4   | 15434 ||| INVOKING Brothers in Arms.
 15435 | Lair:4   | 15435 ||| INVOKING Brothers in Arms.
 15709 | Lair:4   | 15709 ||| STAIRDANCE
 15736 | Lair:4   | 15736 ||| INVOKING Brothers in Arms.
 15738 | Lair:4   | 15738 ||| SWAPPING to +0 morningstar.
 15739 | Lair:4   | 15739 ||| INVOKING Berserk.
 15750 | Lair:4   | 15750 ||| SWAPPING to +2 battleaxe of freezing.
 15845 | Lair:4   | 15845 ||| INVOKING Brothers in Arms.
 15847 | Lair:4   | 15847 ||| SWAPPING to +0 morningstar.
 15848 | Lair:4   | 15848 ||| INVOKING Berserk.
 15854 | Lair:4   | 15854 ||| SWAPPING to +2 battleaxe of freezing.
 15957 | Lair:4   | 15957 ||| Stepping ~*~*~tactically~*~*~ (cloud).
 16074 | Lair:4   | 16074 ||| INVOKING Berserk.
 16147 | Lair:4   | 16147 ||| DROPPING +6 ring of intelligence.
 16202 | Lair:5   | 16202 ||| INVOKING Berserk.
 16204 | Lair:5   | Reached skill level 12 in Armour
 16243 | Lair:5   | 16243 ||| INVOKING Brothers in Arms.
 16245 | Lair:5   | 16245 ||| SWAPPING to +0 morningstar.
 16247 | Lair:5   | 16247 ||| INVOKING Berserk.
 16258 | Lair:5   | 16258 ||| SWAPPING to +2 battleaxe of freezing.
 16403 | Lair:5   | Found a viscous altar of Jiyva.
 16403 | Lair:5   | Found a staircase to the Slime Pits.
 16426 | Lair:5   | 16426 ||| INVOKING Berserk.
 16428 | Lair:5   | HP: 45/184 [acid (6)]
 16446 | Lair:5   | HP: 27/123 [acid (8)]
 16447 | Lair:5   | Splashed with acid

Levels and vault maps discovered:
D:1:      dpeg_arrival_court, layout_basic, shapermc_ecumenical_altar_gd
D:2:      layout_basic, amcnicky_mini_pool_small, minmay_split_cup_large
D:3:      layout_loops_cross, mainiacjoe_overflow_six_doors_small,
          gup_sewer_entry_pipe
D:4:      layout_loops_ring, minmay_temple_entry_hall, serial_bayou_pond_c,
          uniq_natasha
D:5:      layout_loops_ring, kennysheep_generic_room_13
D:6:      layout_basic, kennysheep_generic_room_9
D:7:      layout_cave_pools
D:8:      cheibrodos_barr_body, layout_basic, enter_bailey_6
D:9:      layout_cave_pools
D:10:     layout_rooms, lair_entry_dummy, gammafunk_ghost_grave, uniq_maggie,
          uniq_grum, uniq_harold
Lair:1:   layout_concentric_octagons, kennysheep_rathole, uniq_nergalle
Lair:2:   layout_long_grid, gammafunk_ghost_necromancy, basic_altar,
          special_room [special_room_bee], serial_bayou_pond_e,
          serial_bayou_shore_a, minmay_lair_oklob_chamber, grunt_megastairs_1,
          lemuel_fruit_tree, uniq_fannar
Lair:3:   layout_chaotic_city, minmay_snake_entry_guardpost_small,
          grunt_megastairs_2, infiniplex_staircase_pool_2, uniq_gastronok
Lair:4:   layout_gridlike, elwin_shoals_entry_stream
Lair:5:   layout_gridlike, dpeg_slime_entry_enclosed_altar,
          kilobyte_rumbling_trees

Skill      XL: |  1  2  3  4  5  6  7  8  9 10 11 12 13 |
---------------+----------------------------------------+-----
Axes           | 5 6 8 9 10 12 14 16 18 20 | 20.1
Fighting       | 4 5 6 8 9 10 11 13 | 13.8
Armour         | 3 4 5 6 8 9 10 12 | 12.0
Dodging        | 2 3 |  3.0

Action                   |  1- 3 |  4- 6 |  7- 9 | 10-12 | 13-15 || total
-------------------------+-------+-------+-------+-------+-------++-------
Melee: Hand axe          |   128 |    77 |       |       |       ||   205
       War axe           |       |    62 |   288 |    60 |       ||   410
       Battleaxe         |       |       |       |   381 |   177 ||   558
       Morningstar       |       |       |       |     2 |    13 ||    15
Invok: Berserk           |     4 |     2 |     7 |    13 |     7 ||    33
       Brothers in Arms  |       |       |       |     4 |     5 ||     9
  Use: Scroll            |     2 |     8 |     8 |     6 |       ||    24
       Potion            |     1 |     6 |     1 |     1 |       ||     9
Armor: Animal skin       |    29 |       |       |       |       ||    29
       Scale mail        |    27 |       |       |       |       ||    27
       Plate armour      |       |    80 |   165 |   240 |   109 ||   594
Dodge: Dodged            |    89 |    47 |   104 |   225 |    68 ||   533

Table legend:
 A = Non-vault XP
 B = Vault XP
 C = Vault XP percentage of total XP
 D = Non-vault monster count
 E = Vault monster count
 F = Vault count percentage of total count
                 A         B        C        D         E       F
            +---------+---------+-------+---------+---------+-------
      Total |   34211 |   15879 |  31.7 |     258 |     113 |  30.5
            +---------+---------+-------+---------+---------+-------
        D:1 |      38 |       0 |   0.0 |      20 |       0 |   0.0
        D:2 |      41 |       7 |  14.6 |      18 |       4 |  18.2
        D:3 |      68 |      14 |  17.1 |      15 |       7 |  31.8
        D:4 |     448 |      38 |   7.8 |      25 |       2 |   7.4
        D:5 |     516 |       3 |   0.6 |       9 |       1 |  10.0
        D:6 |     787 |     124 |  13.6 |      15 |       1 |   6.2
        D:7 |     690 |       0 |   0.0 |      10 |       0 |   0.0
        D:8 |    1804 |    1242 |  40.8 |      27 |      12 |  30.8
        D:9 |    1444 |       0 |   0.0 |      10 |       0 |   0.0
       D:10 |    3147 |    2074 |  39.7 |      15 |       7 |  31.8
     Lair:1 |    1509 |     969 |  39.1 |       6 |      12 |  66.7
     Lair:2 |    2382 |    6353 |  72.7 |      13 |      34 |  72.3
     Lair:3 |    7372 |    2661 |  26.5 |      33 |       3 |   8.3
     Lair:4 |    9849 |    1775 |  15.3 |      31 |       4 |  11.4
     Lair:5 |    4116 |     395 |   8.8 |      11 |       2 |  15.4
      Sewer |       0 |     224 | 100.0 |       0 |      24 | 100.0
            +---------+---------+-------+---------+---------+-------
